 Dungeon Crawl Stone Soup version 0.18.1-1-g2f07953 (webtiles) character file.

4399 Gorfmaster the Bludgeoner (level 10, -1/92 HPs)
             Began as an Ogre Berserker on Oct 10, 2016.
             Was an Elder of Trog.
             Slain by a killer bee (6 damage)
             ... on level 8 of the Dungeon.
             The game lasted 00:43:18 (8086 turns).

Gorfmaster the Bludgeoner (Ogre Berserker)          Turns: 8086, Time: 00:43:19

Health: -1/92      AC:  8    Str: 27    XL:     10   Next: 35%
Magic:  10/10      EV: 10    Int:  6    God:    Trog [****..]
Gold:   345        SH:  4    Dex:  9    Spells: 0 memorised, 9 levels left

rFire  . . .     SeeInvis .     z - +0 giant club
rCold  . . .     Gourm    .     D - +0 troll leather armour
rNeg   + . .     Faith    .     (shield currently unavailable)
rPois  +         Spirit   .     (helmet restricted)
rElec  .         Dismiss  .     t - +2 cloak
rCorr  .         Reflect  +     (gloves unavailable)
SustAt .         Harm     .     (boots unavailable)
MR     +....                    j - +4 amulet of reflection
Stlth  +.........               A - ring of positive energy
                                x - ring of poison resistance

@: lethally poisoned (-1 -> -2), exhausted, slowed, very slow, somewhat
resistant to hostile enchantments, very unstealthy
A: unfitting armour, blink, tough skin 1
a: Blink, Berserk, Trog's Hand, Brothers in Arms, Burn Spellbooks, Renounce
Religion


You were on level 8 of the Dungeon.
You worshipped Trog.
Trog was greatly pleased with you.
You were very hungry.

You visited 1 branch of the dungeon, and saw 9 of its levels.

You collected 345 gold pieces.

Inventory:

Hand Weapons
 k - a +0 mace of protection
 q - a +1 giant spiked club
 y - a +0 blowgun
 z - a +0 giant club (weapon)
Missiles
 u - 8 needles of sleeping (quivered)
 B - 10 poisoned needles
Armour
 t - a +2 cloak (worn)
 D - a +0 troll leather armour (worn)
Jewellery
 j - a +4 amulet of reflection (around neck)
 p - an uncursed ring of flight
 x - a ring of poison resistance (left hand)
 A - a ring of positive energy (right hand)
Scrolls
 a - a scroll of recharging
 f - a scroll of fear
 m - a scroll of teleportation
 o - 3 scrolls of remove curse
 v - 3 scrolls of enchant armour
 w - 2 scrolls of enchant weapon
Potions
 e - 2 potions of berserk rage
 g - 2 potions of haste
 i - a potion of lignification
 n - a potion of resistance
 C - a potion of brilliance {unknown}
Books
 s - a book of Geomancy

   Spells                             Type                      Level
   a - Sandblast                      Earth                        1
   b - Passwall                       Transmutation/Earth          2
   c - Stone Arrow                    Conjuration/Earth            3
   d - Petrify                        Transmutation/Earth          4
   e - Lee's Rapid Deconstruction     Earth                        5
   Trog disapproves of the use of such an item.
Comestibles
 c - 8 bread rations
 d - 5 meat rations
 l - a beef jerky
 r - 2 royal jellies


   Skills:
 - Level 4.0 Fighting
 + Level 18.0 Maces & Flails
 - Level 2.6 Dodging


You had 9 spell levels left.
You didn't know any spells.

Dungeon Overview and Level Annotations

Branches:
Dungeon (9/15)             Temple (0/1) D:5
   Lair: D:8-11         Orc: D:9-12

Altars:
Cheibriados
Qazlal

Shops:
D:5 }=[([


Innate Abilities, Weirdness & Mutations

You are too large for most types of armour.
You have tough skin (AC +1).
You can translocate small distances at will.


Message History

You barely miss the killer bee.
The killer bee is moderately wounded.
You block the killer bee's attack. The killer bee stings you.
* * * LOW HITPOINT WARNING * * *
You are poisoned.
The killer bee poisons you!
You miss the killer bee.
The killer bee is moderately wounded.
You feel sick. The killer bee closely misses you. The killer bee stings you!
* * * LOW HITPOINT WARNING * * *
You closely miss the killer bee.
The killer bee is moderately wounded.
You feel sick. The killer bee stings you.
* * * LOW HITPOINT WARNING * * *
The killer bee stings you.
* * * LOW HITPOINT WARNING * * *
You closely miss the killer bee.
The killer bee is moderately wounded.
The killer bee stings you.
You die...

#####.# #.....# #.##### #.#
###### #.# #....# #.# #.##.#
#.# #.##.#############
#.#####..#.....†.y.....#
....(.........(.@†..##.#
#.####.........####.##.#
..####.....###.# #.##.#
)............#.# #.##.#
.............#.####.##.#
............##.##.#.##.#
............##.##.#.##.#####
............##....#.##.....#
.#########........#.....##.#


You could see a killer bee.

Vanquished Creatures
  Pikel (D:9)
  The ghost of dsb250 the Skirmisher, a novice FoAK of Lugonu (D:5)
  2 trolls (D:8)
  The ghost of dsb250 the Covered, an amateur DDFi (D:4)
  Sigmund (D:3)
  A hungry ghost (D:7)
  A hippogriff (D:8)
  A water moccasin (D:8)
  An ice beast (D:7)
  A necrophage (D:7)
  2 centaurs (D:5)
  4 ogres
  2 big kobolds
  3 giant frogs
  2 scorpions
  Dowan (D:4)
  2 killer bees (D:8)
  4 wights (D:7)
  3 howler monkeys (D:8)
  4 crimson imps
  2 giant frog zombies
  A quasit (D:4)
  2 orc priests
  2 orc wizards (D:6)
  A hound (D:4)
  A jelly (D:5)
  5 giant frog skeletons
  Terence (D:3)
  2 iguanas
  Natasha (thrice) (D:2)
  5 worker ants
  A hound zombie (D:6)
  5 adders
  2 shadow imps
  An ooze (D:5)
  An adder skeleton (D:4)
  A worm (D:3)
  2 dart slugs
  3 giant geckos
  12 orcs
  9 bats
  4 giant cockroaches
  12 goblins
  3 hobgoblins (D:2)
  4 jackals (D:3)
  6 quokkas
  2 ball pythons
  4 giant newts
  12 kobolds
  A quokka skeleton (D:8)
  9 rats
157 creatures vanquished.

Vanquished Creatures (others)
  A slave (D:9)
  A giant frog (D:9)
  A jackal (D:9)
3 creatures vanquished.

Grand Total: 160 creatures vanquished

Notes
Turn   | Place    | Note
--------------------------------------------------------------
     0 | D:1      | Gorfmaster the Ogre Berserker began the quest for the Orb.
     0 | D:1      | Reached XP level 1. HP: 24/24 MP: 1/1
   166 | D:1      | Reached XP level 2. HP: 25/32 MP: 2/2
   424 | D:1      | Reached skill level 5 in Maces & Flails
   896 | D:2      | Reached XP level 3. HP: 38/39 MP: 3/3
  1113 | D:2      | Reached ** piety under Trog
  1376 | D:2      | Noticed Natasha
  1450 | D:2      | Killed Natasha
  1450 | D:2      | Reached skill level 6 in Maces & Flails
  1450 | D:2      | Reached XP level 4. HP: 28/48 MP: 4/4
  1478 | D:2      | Noticed Natasha
  1487 | D:2      | Killed Natasha
  1555 | D:2      | Noticed Natasha
  1562 | D:2      | Killed Natasha
  1562 | D:2      | Reached skill level 7 in Maces & Flails
  1562 | D:2      | Reached XP level 5. HP: 31/54 MP: 5/5
  2237 | D:3      | Noticed Sigmund
  2317 | D:3      | Reached skill level 8 in Maces & Flails
  2747 | D:3      | Noticed Terence
  2754 | D:3      | Killed Terence
  2754 | D:3      | Reached XP level 6. HP: 62/62 MP: 6/6
  2807 | D:3      | Reached *** piety under Trog
  2927 | D:3      | Killed Sigmund
  2927 | D:3      | Reached skill level 9 in Maces & Flails
  3045 | D:4      | Noticed dsb250's ghost (amateur DDFi)
  3058 | D:4      | Killed dsb250's ghost
  3058 | D:4      | Reached skill level 10 in Maces & Flails
  3058 | D:4      | Reached XP level 7. HP: 70/70 MP: 7/7
  3164 | D:4      | Found a snail-covered altar of Cheibriados.
  3215 | D:4      | Reached skill level 11 in Maces & Flails
  3687 | D:4      | Noticed Dowan
  3699 | D:4      | Killed Dowan
  3699 | D:4      | Received a gift from Trog
  3839 | D:4      | Reached XP level 8. HP: 52/78 MP: 8/8
  4034 | D:4      | Found a stormy altar of Qazlal.
  4108 | D:5      | Entered Level 5 of the Dungeon
  4217 | D:5      | Noticed dsb250's ghost (novice FoAK)
  4242 | D:5      | Killed dsb250's ghost
  4242 | D:5      | Reached skill level 12 in Maces & Flails
  4357 | D:5      | Reached skill level 13 in Maces & Flails
  4493 | D:5      | Found Meewn's Antique Armour Emporium.
  4676 | D:5      | Found Xorphusug's Jewellery Shoppe.
  4711 | D:5      | Found Junyst's Armour Boutique.
  4743 | D:5      | Found Qasch's Antique Weapon Boutique.
  5196 | D:5      | Found Jangat's Gadget Boutique.
  5246 | D:5      | Found a staircase to the Ecumenical Temple.
  5397 | D:6      | Reached skill level 14 in Maces & Flails
  5516 | D:6      | Reached XP level 9. HP: 77/84 MP: 9/9
  5703 | D:6      | Gained mutation: You can translocate small distances at will. [potion of beneficial mutation]
  6191 | D:6      | Reached skill level 15 in Maces & Flails
  6609 | D:7      | Reached skill level 16 in Maces & Flails
  7740 | D:9      | Noticed a troll
  7750 | D:8      | Killed a troll
  7750 | D:8      | Reached XP level 10. HP: 92/92 MP: 10/10
  7808 | D:8      | Reached skill level 17 in Maces & Flails
  7921 | D:8      | Reached **** piety under Trog
  8048 | D:9      | Noticed Pikel
  8058 | D:9      | Killed Pikel
  8078 | D:8      | Reached skill level 18 in Maces & Flails
  8086 | D:8      | Slain by a killer bee

Skill      XL: |  1  2  3  4  5  6  7  8  9 10 |
---------------+-------------------------------+-----
Maces & Flails | 5 6 7 8 10 11 14 16 18 | 18.0
Fighting       | |  4.0
Dodging        | |  2.6

Action                   |  1- 3 |  4- 6 |  7- 9 | 10-12 || total
-------------------------+-------+-------+-------+-------++-------
Melee: Mace              |   112 |   159 |   318 |       ||   589
       Giant club        |       |       |   104 |    63 ||   167
Invok: Berserk           |     1 |     4 |     2 |     1 ||     8
       Trog's Hand       |       |     1 |     2 |       ||     3
  Use: Scroll            |     6 |     5 |     8 |     1 ||    20
       Potion            |       |       |     1 |     1 ||     2
 Stab: Sleeping          |     1 |       |       |       ||     1
  Eat: Chunk             |     2 |     9 |    17 |     2 ||    30
       Fruit             |       |       |     1 |       ||     1
Armor: Animal skin       |    30 |    36 |   116 |       ||   182
       Troll leather arm |       |       |       |    52 ||    52
Dodge: Dodged            |    72 |    60 |   166 |    56 ||   354
Block: Other             |     9 |    20 |    58 |    20 ||   107
       Reflection        |       |       |     3 |       ||     3
